 Dungeon Crawl Stone Soup version 0.27-a0-594-g2aaa8dbbc2 (webtiles) character file.

Game seed: 12072859985993178109

122 ReteAZ the Covered (level 4, -1/38 HPs)
             Began as a Demigod Fighter on Mar 11, 2021.
             Slain by Crazy Yiuf
             ... wielding a +4 quarterstaff of chaos
              (18 damage)
             ... on level 2 of the Dungeon.
             The game lasted 00:02:17 (2665 turns).

ReteAZ the Covered (Demigod Fighter)                Turns: 2665, Time: 00:02:18

Health: -1/38      AC:  6    Str: 17    XL:     4   Next: 50%
Magic:  2/6        EV:  7    Int: 16    God:
Gold:   172        SH:  9    Dex: 17    Spells: 3/3 levels left

rFire    . . .     SeeInvis .   a - +0 long sword
rCold    . . .     Faith    .   c - +0 kite shield
rNeg     . . .     Spirit   .   b - +0 scale mail
rPois    .         Reflect  .   (no helmet)
rElec    .         Harm     .   (no cloak)
rCorr    .         Rampage  .   (no gloves)
Will     +....                  (no boots)
Stlth    ..........             (no amulet)
HPRegen  0.12/turn              g - +6 ring of intelligence
MPRegen  0.10/turn              h - ring of willpower

@: lethally poisoned (-1 -> -4)
A: high mp 1, forlorn
a: no special abilities


You were on level 2 of the Dungeon.
You visited 1 branch of the dungeon, and saw 4 of its levels.

You collected 172 gold pieces.

Inventory:

Hand Weapons
 a - a +0 long sword (weapon)
Armour
 b - a +0 scale mail (worn)
 c - a +0 kite shield (worn)
Jewellery
 g - a +6 ring of intelligence (right hand)
 h - a ring of willpower (left hand)
Scrolls
 e - 4 scrolls of amnesia {unknown}
 i - 3 scrolls of identify {unknown}
 j - 2 scrolls of fear {unknown}
 l - a scroll of immolation {unknown}
Potions
 d - a potion of might
 f - 3 potions of heal wounds {unknown}
 k - a potion of curing {unknown}
 m - a potion of lignification {unknown}
 n - a potion of mutation {unknown}
 o - 2 potions of attraction {unknown}


   Skills:
 + Level 3.2 Fighting
 * Level 3.2 Long Blades
 + Level 3.3 Armour
 + Level 3.2 Shields


You had 3 spell levels left.
You didn't know any spells.
Your spell library contained the following spells:

 Spells                   Type           Power      Damage    Failure   Level
 Animate Skeleton         Necr           0%         N/A       98%         1
 Apportation              Tloc           0%         N/A       98%         1
 Corona                   Hex            0%         N/A       98%         1
 Summon Small Mammal      Summ           0%         N/A       98%         1


Dungeon Overview and Level Annotations

Branches:
Dungeon (4/15)
 Temple: D:4-7

Annotations:
D:2 Crazy Yiuf


Innate Abilities, Weirdness & Mutations

Your attributes grow dramatically as you level up.
You have an increased reservoir of magic. (+10% MP)
You shall have no god before yourself.


Message History

You open the door.
Crazy Yiuf whimpers, "Lay seventy bush!"
You barely miss Crazy Yiuf. Crazy Yiuf hits you but does no damage.
You are poisoned.
You hit Crazy Yiuf but do no damage.
You feel sick.
Crazy Yiuf glowers.
Crazy Yiuf hits you with a +4 quarterstaff of chaos!
You feel your power leaking away.
Crazy Yiuf grits, "Whippet!
Snower koolooloo sanguine."
You block Crazy Yiuf's attack.
You barely miss Crazy Yiuf.
You feel sick. Crazy Yiuf barely misses you.
Throw: throwing net
Press: ? - help, Q - select action Shift-Dir - straight line, f - Crazy Yiuf
Aim: Crazy Yiuf, wielding a +4 quarterstaff of chaos and wearing a +1 cloak of willpower (64% to hit)
You throw a throwing net. The throwing net hits Crazy Yiuf.
Crazy Yiuf is caught in the net!
You feel sick.
Crazy Yiuf cries, "Goober song Hive!"
Crazy Yiuf struggles against the net.
You hit Crazy Yiuf.
Crazy Yiuf is moderately wounded.
You feel sick.
Crazy Yiuf struggles against the net. x2
You hit Crazy Yiuf but do no damage.
Crazy Yiuf is moderately wounded.
You feel sick.
Crazy Yiuf struggles against the net.
You slash Crazy Yiuf!
Crazy Yiuf is severely wounded.
Crazy Yiuf struggles against the net.
The net rips apart, and Crazy Yiuf comes free!
Crazy Yiuf twirls on the spot.
Crazy Yiuf hits you with a +4 quarterstaff of chaos.
You hit Crazy Yiuf but do no damage.
Crazy Yiuf is severely wounded.
You feel sick. You block Crazy Yiuf's attack.
You hit Crazy Yiuf.
Crazy Yiuf is almost dead.
You feel sick.
Crazy Yiuf hits you with a +4 quarterstaff of chaos.
You are electrocuted!!
You die...

'.....#.#.###
##..##
#..(.......
#....##.#<#
#....#
##.........
#######...#
♣....♣
###.........
#####.^(..#
♣♣...♣
#...........
#.........#
♣♣.♣♣
#...........
#.###....##
♣♣.♣
####>#######
#.# #...(#
♣.♣♣ #.# #.#
#....# ♣♣.♣
#.# #.#
#....# ♣@♣♣
#.# #.#
#....# #g#
#.# #.#
#....# ...
#.# #.#
#....# #...#
#.# #.#
###### #)..#
#.# #.# #####
#.#
#.##########
#.#
#..........##
#.#
###########.#
#.#


You could see Crazy Yiuf.

Vanquished Creatures
  Natasha (D:2)
  Terence (D:2)
  2 adders
  An ooze (D:4)
  2 worms (D:2)
  A dart slug (D:2)
  2 leopard geckos (D:1)
  9 bats
  5 goblins
  4 hobgoblins
  A ball python (D:2)
  3 frilled lizards
  A jackal skeleton (D:4)
  4 kobolds
  6 rats
43 creatures vanquished.

Notes
Turn   | Place    | Note
-------+----------+-------------------------------------------
     0 | D:1      | ReteAZ the Demigod Fighter began the quest for the Orb.
     0 | D:1      | Reached XP level 1. HP: 18/18 MP: 3/3
   388 | D:1      | Reached XP level 2. HP: 25/25 MP: 4/4
  1098 | D:2      | Reached XP level 3. HP: 26/31 MP: 5/5
  1305 | D:2      | You fall into a shaft and drop 2 floors!
  1499 | D:2      | Noticed Natasha
  1499 | D:2      | Noticed Terence
  1502 | D:2      | Killed Natasha
  1503 | D:2      | Reached XP level 4. HP: 38/38 MP: 6/6
  1554 | D:2      | Killed Terence
  2560 | D:2      | Found a runed translucent door.
  2561 | D:2      | Noticed Crazy Yiuf
  2665 | D:2      | Slain by Crazy Yiuf

Illustrated notes

Levels and vault maps discovered:
D:1:      beargit_arrival_greenhouse, layout_basic, minmay_misc_feat_five,
          minmay_tetromino_o4
D:2:      layout_basic, grunt_temple_overflow_open, minmay_misc_feat_doors,
          nicolae_ru_awakened_eye, uniq_natasha, uniq_crazy_yiuf_cottage,
          uniq_terence
D:3:      layout_rooms, makhleb_blood_cavern_becter
D:4:      layout_gridville, uniq_pikel

Skill      XL: |  1  2  3  4 |
---------------+-------------+-----
Long Blades    | 2 3 |  3.2
Fighting       | 3 |  3.2
Armour         | 3 |  3.3
Shields        | 3 |  3.2

Action                   |  1- 3 |  4- 6 || total
-------------------------+-------+-------++-------
Melee: Long sword        |   113 |    51 ||   164
Throw: Throwing net      |       |     1 ||     1
Armor: Scale mail        |    72 |    11 ||    83
Dodge: Dodged            |    44 |    13 ||    57
Block: Kite shield       |    65 |    18 ||    83
       Rpst.: Long sword |    13 |     4 ||    17

Table legend: (Time is in decaauts)
 A = Elapsed time spent in this place.
 B = Non-inter-level travel time spent in this place.
 C = Inter-level travel time spent in this place.
 D = Time resting spent in this place.
 E = Time spent auto-exploring this place.
 F = Levels seen in this place.
 G = Mean time per level.
                   A        B        C        D        E       F      G
               +--------+--------+--------+--------+--------+-----+--------+
         Total |   2748 |   2686 |     62 |    222 |   2038 |   4 |  687.0 |
       Dungeon |   2748 |   2686 |     62 |    222 |   2038 |   4 |  687.0 |
               +--------+--------+--------+--------+--------+-----+--------+

Top non-repeatable levels by time:
     D:2: 1610 daAuts
     D:1: 1004 daAuts
     D:4: 119 daAuts
     D:3: 14 daAuts
